 Dungeon Crawl Stone Soup version 0.22-a0-274-gf8199ec (webtiles) character file.

819 tidbits the Insei (level 7, -3/53 HPs)
             Began as a Gnoll Transmuter on Mar 14, 2018.
             Killed from afar by an orc wizard (11 damage)
             ... with a magic dart
             ... on level 5 of the Dungeon.
             The game lasted 00:13:24 (1218 turns).

tidbits the Insei (Gnoll Transmuter)                Turns: 1218, Time: 00:13:25

Health: -3/53      AC:  2    Str: 12    XL:     7   Next: 95%
Magic:  14/15      EV: 25    Int: 17    God:
Gold:   159        SH:  0    Dex: 23    Spells: 7/17 levels left

rFire    . . .     SeeInvis .     - Unarmed
rCold    . . .     Gourm    .   (shield currently unavailable)
rNeg     . . .     Faith    .   (armour currently unavailable)
rPois    x         Spirit   .   (helmet currently unavailable)
rElec    .         Reflect  .   (cloak currently unavailable)
rCorr    .         Harm     .   (gloves currently unavailable)
MR       .....                  (boots currently unavailable)
Stlth    +++.......             (no amulet)
HPRegen  0.17/turn              h - +2 ring of dexterity
MPRegen  0.14/turn              W - ring of wizardry

@: spider-form (expiring), drained
A: tiny, distributed training, strong nose
a: End Transformation


You were on level 5 of the Dungeon.
You were not hungry.
You were a venomous arachnid creature.
You visited 1 branch of the dungeon, and saw 5 of its levels.
You also visited: Ossuary.

You collected 159 gold pieces.

Inventory:

Hand Weapons
 i - a +0 dagger
 y - a +2 flail of protection
   (You took it off an orc on level 4 of the Dungeon)
Missiles
 d - 21 bolts
 A - 2 tomahawks (quivered)
Armour
 B - a +0 robe (melded)
Jewellery
 h - a +2 ring of dexterity (left front leg)
   (You found it on level 3 of the Dungeon)
 j - an uncursed ring of stealth
   (You found it on level 3 of the Dungeon)
 r - a +3 ring of strength
   (You found it in an ossuary)
 W - a ring of wizardry (right front leg)
   (You found it in an ossuary)
Wands
 l - a wand of polymorph (13)
 m - a wand of iceblast (11)
Scrolls
 b - a scroll of enchant weapon {unknown}
 e - 4 scrolls of amnesia {unknown}
 f - a scroll of fog {unknown}
 n - 3 scrolls of remove curse {unknown}
 o - a scroll of teleportation {unknown}
 q - a scroll of vulnerability {unknown}
 t - a scroll of immolation
 v - 2 scrolls of noise {unknown}
Potions
 a - a potion of degeneration {unknown}
 g - 3 potions of curing {unknown}
 k - a potion of agility
 p - a potion of flight
 s - a potion of brilliance {unknown}
 u - a potion of heal wounds
 w - 2 potions of haste {unknown}
 x - a potion of lignification
 z - 2 potions of mutation {unknown}
Comestibles
 c - 3 rations


   Skills:
 + Level 3.8(3.6) Fighting
 + Level 2.7(2.5) Short Blades
 + Level 2.7(2.5) Long Blades
 + Level 2.7(2.5) Axes
 + Level 2.7(2.5) Maces & Flails
 + Level 2.7(2.5) Polearms
 + Level 2.7(2.5) Staves
 + Level 2.7(2.5) Slings
 + Level 2.7(2.5) Bows
 + Level 2.7(2.5) Crossbows
 + Level 2.7(2.5) Throwing
 + Level 2.7(2.5) Armour
 + Level 5.4(5.1) Dodging
 + Level 2.7(2.5) Stealth
 + Level 2.7(2.5) Shields
 + Level 7.1(6.9) Unarmed Combat
 + Level 5.7(5.5) Spellcasting
 + Level 2.2(2.0) Conjurations
 + Level 2.2(2.0) Hexes
 + Level 2.2(2.0) Charms
 + Level 2.2(2.0) Summonings
 + Level 2.2(2.0) Necromancy
 + Level 2.2(2.0) Translocations
 + Level 4.4(4.2) Transmutations
 + Level 2.2(2.0) Fire Magic
 + Level 2.2(2.0) Ice Magic
 + Level 2.2(2.0) Air Magic
 + Level 2.2(2.0) Earth Magic
 + Level 2.2(2.0) Poison Magic
 + Level 3.0(2.8) Invocations
 + Level 2.7(2.5) Evocations


You had 7 spell levels left.
You knew the following spells:

 Your Spells              Type           Power        Failure   Level  Hunger
e - Beastly Appendage     Tmut           ###...       3%          1    None
i - Ice Form              Ice/Tmut       ###.....     28%         4    ####...
k - Sticks to Snakes      Tmut           ###.....     4%          2    #......
p - Spider Form           Tmut/Pois      ###.......   11%         3    ##.....


Dungeon Overview and Level Annotations

Branches:
Dungeon (5/15)
 Temple: D:4-7

Altars:
Dithmenos
Elyvilon

Shops:
D:4 %


Innate Abilities, Weirdness & Mutations

Your experience applies equally to all skills.
((You have very sharp teeth.))
Your uncanny sense of smell can sniff out nearby items.


Message History

An orc wizard comes into view. It is wielding a dagger of draining.
Casting: Spider Form (safe; 11% risk of failure)
Confirm with . or Enter, or press ? or * to list all spells.
You don't have anything to turn into a snake.
Unknown command.
An orc priest comes into view. It is wielding a flail.
The orc priest shouts!
An orc priest comes into view.
Okay, then.
The orc priest mumbles some strange prayers to Beogh against you.
You struggle to resist.
Unknown command.
Evoke which item? (* to show all) (? for menu, Esc to quit)
You have no means to grasp a wand firmly enough.
The orc priest mumbles some strange prayers to Beogh against you.
Beogh smites you!
The orc priest invokes the aid of Beogh against you.
Beogh smites you!
The howler monkey howls!
You bite the orc wizard!
The orc wizard is poisoned.
The orc wizard is severely wounded.
The orc wizard hits you with a dagger of draining.
You feel drained.
The orc priest calls upon Beogh to heal the orc wizard.
The orc wizard is healed somewhat.
The orc priest calls upon Beogh to heal the orc wizard.
The orc wizard is healed somewhat.
The howler monkey hoots and howls with incredible vigour!
You hear a shout! x2
Unknown command.
You bite the orc wizard!
The orc wizard is heavily wounded.
The orc wizard completely misses you.
The orc priest calls upon Beogh to heal the orc wizard.
The orc wizard is healed somewhat.
Unknown command.
The jackal barks!
You hit the orc priest.
The orc priest is poisoned.
The orc priest is moderately wounded.
The orc wizard gestures wildly while chanting.
The orc wizard seems to speed up.
The orc priest looks encouraged for a moment.
The orc priest hits you with a flail!
* * * LOW HITPOINT WARNING * * *
You hit the orc priest.
The orc priest looks as sick as possible!
The orc priest is severely wounded.
You kill the orc priest!
Your base Invocations skill increases to level 3!
The orc wizard hits you but does no damage.
You feel drained. The orc priest barely misses you.
You hit the orc priest.
The orc priest is poisoned.
The orc priest is lightly wounded.
The orc wizard completely misses you. The orc priest barely misses you.
You hit the orc priest.
The orc priest looks as sick as possible!
The orc priest is heavily wounded.
The orc wizard closely misses you.
The orc priest invokes the aid of Beogh against you.
Beogh smites you!
* * * LOW HITPOINT WARNING * * *
The orc wizard misses you.
You closely miss the orc priest.
The orc priest is almost dead.
You kill the orc priest!
The orc priest closely misses you. The jackal misses you.
The orc wizard completely misses you.
The jackal barks!
You hit the orc priest but do no damage.
The orc priest is poisoned.
Your transformation is almost over.
The orc wizard barely misses you. The jackal closely misses you.
The howler monkey barely misses you.
The orc priest hits you with a short sword.
* * * LOW HITPOINT WARNING * * *
You barely miss the orc priest. The orc wizard misses you.
The jackal bites you but does no damage.
The howler monkey closely misses you. The orc priest misses you.
The orc wizard looks braver for a moment.
You bite the orc priest!
The orc priest is severely wounded.
The jackal closely misses you. The howler monkey misses you.
The orc wizard barely misses you. The orc priest closely misses you.
The jackal barely misses you.
You bite the orc priest!
You kill the orc priest!
The orc wizard misses you. The howler monkey misses you.
The jackal completely misses you.
You barely miss the orc wizard.
The orc wizard is heavily wounded.
The orc wizard completely misses you. The howler monkey hits you.
* * * LOW HITPOINT WARNING * * *
The jackal misses you. The orc wizard completely misses you.
You hit the orc wizard but do no damage.
The orc wizard is heavily wounded.
The jackal misses you. The howler monkey closely misses you.
The jackal completely misses you.
The orc wizard gestures at you while chanting.
The magic dart hits you!
You die...

## ##..#####. ..
...##....# ...
.........## ....
......##..### ##
...## #^...#
#....###... #...#
##......... ....
##......... ...
##.h........ ..
#.sh........
#.....h)o...[....
##...............
##..............
#.........###..
##.......## #.
#.......#
#.......#


You could see a howler monkey, an orc wizard and 2 jackals.

Vanquished Creatures
  Grinder (D:3)
  A crimson imp (D:5)
  A bullfrog zombie (Ossuary)
  6 orc priests
  3 orc wizards (D:4)
  A killer bee zombie (Ossuary)
  A hound zombie (Ossuary)
  10 mummies (Ossuary)
  A howler monkey zombie (Ossuary)
  A worker ant zombie (Ossuary)
  4 adders
  3 adder zombies (Ossuary)
  A worm (D:4)
  A leopard gecko (D:3)
  12 orcs
  A giant cockroach (D:5)
  3 goblins
  5 hobgoblins
  3 jackals
  A quokka (D:5)
  A ball python (D:5)
  A bat (D:3)
  7 frilled lizards
  2 jackal zombies (Ossuary)
  A kobold (D:3)
  3 rats
75 creatures vanquished.

Vanquished Creatures (collateral kills)
  A centaur skeleton (D:4)
  An adder (D:3)
  A hobgoblin (D:2)
3 creatures vanquished.

Grand Total: 78 creatures vanquished

Notes
Turn   | Place    | Note
-------+----------+-------------------------------------------
     0 | D:1      | tidbits the Gnoll Transmuter began the quest for the Orb.
     0 | D:1      | Reached XP level 1. HP: 17/17 MP: 6/6
   129 | D:2      | Found a faded altar of an unknown god.
   131 | D:2      | Reached XP level 2. HP: 23/23 MP: 4/7
   175 | D:2      | Learned a level 2 spell: Sticks to Snakes
   205 | D:2      | Reached skill level 5 in Spellcasting
   205 | D:2      | Reached XP level 3. HP: 26/28 MP: 4/9
   210 | D:2      | Learned a level 3 spell: Spider Form
   239 | D:2      | Reached skill level 1 in Invocations
   247 | D:3      | Noticed Grinder
   251 | D:3      | Paralysed by Grinder for 5 turns
   264 | D:3      | Killed Grinder
   264 | D:3      | Reached skill level 3 in Fighting
   264 | D:3      | Reached skill level 1 in Short Blades
   264 | D:3      | Reached skill level 1 in Long Blades
   264 | D:3      | Reached skill level 1 in Axes
   264 | D:3      | Reached skill level 1 in Maces & Flails
   264 | D:3      | Reached skill level 1 in Polearms
   264 | D:3      | Reached skill level 1 in Staves
   264 | D:3      | Reached skill level 1 in Slings
   264 | D:3      | Reached skill level 1 in Bows
   264 | D:3      | Reached skill level 1 in Crossbows
   264 | D:3      | Reached skill level 1 in Throwing
   264 | D:3      | Reached skill level 1 in Armour
   264 | D:3      | Reached skill level 1 in Stealth
   264 | D:3      | Reached skill level 1 in Shields
   264 | D:3      | Reached skill level 1 in Conjurations
   264 | D:3      | Reached skill level 1 in Hexes
   264 | D:3      | Reached skill level 1 in Charms
   264 | D:3      | Reached skill level 1 in Summonings
   264 | D:3      | Reached skill level 1 in Necromancy
   264 | D:3      | Reached skill level 1 in Translocations
   264 | D:3      | Reached skill level 4 in Transmutations
   264 | D:3      | Reached skill level 1 in Fire Magic
   264 | D:3      | Reached skill level 1 in Ice Magic
   264 | D:3      | Reached skill level 1 in Air Magic
   264 | D:3      | Reached skill level 1 in Earth Magic
   264 | D:3      | Reached skill level 1 in Poison Magic
   264 | D:3      | Reached skill level 1 in Evocations
   264 | D:3      | Reached XP level 4. HP: 35/35 MP: 2/11
   264 | D:3      | Reached XP level 5. HP: 41/41 MP: 2/12
   264 | D:3      | Reached XP level 6. HP: 47/47 MP: 2/13
   354 | D:3      | Reached skill level 2 in Invocations
   392 | D:3      | Found a white marble altar of Elyvilon.
   440 | D:3      | Found a shadowy altar of Dithmenos.
   560 | D:5      | Entered Level 5 of the Dungeon
   624 | D:4      | Reached skill level 5 in Dodging
   641 | D:4      | Reached skill level 2 in Short Blades
   641 | D:4      | Reached skill level 2 in Long Blades
   641 | D:4      | Reached skill level 2 in Axes
   641 | D:4      | Reached skill level 2 in Maces & Flails
   641 | D:4      | Reached skill level 2 in Polearms
   641 | D:4      | Reached skill level 2 in Staves
   641 | D:4      | Reached skill level 2 in Slings
   641 | D:4      | Reached skill level 2 in Bows
   641 | D:4      | Reached skill level 2 in Crossbows
   641 | D:4      | Reached skill level 2 in Throwing
   641 | D:4      | Reached skill level 2 in Armour
   641 | D:4      | Reached skill level 2 in Stealth
   641 | D:4      | Reached skill level 2 in Shields
   641 | D:4      | Reached skill level 2 in Evocations
   681 | D:4      | Found Neusas's Food Shop.
   711 | D:4      | Found a sand-covered staircase.
   716 | Ossuary  | Entered an ossuary
   781 | Ossuary  | Reached XP level 7. HP: 29/52 MP: 6/15
   853 | Ossuary  | Reached skill level 7 in Unarmed Combat
  1035 | D:4      | Reached skill level 2 in Conjurations
  1035 | D:4      | Reached skill level 2 in Hexes
  1035 | D:4      | Reached skill level 2 in Charms
  1035 | D:4      | Reached skill level 2 in Summonings
  1035 | D:4      | Reached skill level 2 in Necromancy
  1035 | D:4      | Reached skill level 2 in Translocations
  1035 | D:4      | Reached skill level 2 in Fire Magic
  1035 | D:4      | Reached skill level 2 in Ice Magic
  1035 | D:4      | Reached skill level 2 in Air Magic
  1035 | D:4      | Reached skill level 2 in Earth Magic
  1035 | D:4      | Reached skill level 2 in Poison Magic
  1171 | D:5      | Learned a level 4 spell: Ice Form
  1209 | D:5      | Reached skill level 3 in Invocations
  1218 | D:5      | Killed from afar by an orc wizard

Vault maps used:
D:1:      minmay_arrival_widening_spiral_wide, minmay_quantized
D:2:      chequers_ecumenical_altar_simple
D:3:      lemuel_doored_altar, grunt_dithmenos_smoke, uniq_grinder
D:4:      enter_ossuary_2, serial_shops, shop, columned_hall_lemuel
D:5:      first_ration, grunt_ministairs_6, minivault_14,
          nicolae_underground_beach
Ossuary:  ossuary_zaba_flooded

Skill      XL: |  1  2  3  4  5  6  7 |
---------------+----------------------+-----
Spellcasting   | 5 |  5.7
Invocations    | 1 2 3 |  3.0
Fighting       | 3 |  3.8
Short Blades   | 1 2 |  2.7
Long Blades    | 1 2 |  2.7
Axes           | 1 2 |  2.7
Maces & Flails | 1 2 |  2.7
Polearms       | 1 2 |  2.7
Staves         | 1 2 |  2.7
Slings         | 1 2 |  2.7
Bows           | 1 2 |  2.7
Crossbows      | 1 2 |  2.7
Throwing       | 1 2 |  2.7
Armour         | 1 2 |  2.7
Stealth        | 1 2 |  2.7
Shields        | 1 2 |  2.7
Conjurations   | 1 2 |  2.2
Hexes          | 1 2 |  2.2
Charms         | 1 2 |  2.2
Summonings     | 1 2 |  2.2
Necromancy     | 1 2 |  2.2
Translocations | 1 2 |  2.2
Transmutations | 4 |  4.4
Fire Magic     | 1 2 |  2.2
Ice Magic      | 1 2 |  2.2
Air Magic      | 1 2 |  2.2
Earth Magic    | 1 2 |  2.2
Poison Magic   | 1 2 |  2.2
Evocations     | 1 2 |  2.7
Dodging        | 5 |  5.4
Unarmed Combat | 7 |  7.1

Action                   |  1- 3 |  4- 6 |  7- 9 || total
-------------------------+-------+-------+-------++-------
Melee: Unarmed           |    32 |    78 |    93 ||   203
       Kick              |     1 |       |       ||     1
       Punch             |     2 |       |       ||     2
       Headbutt          |     1 |       |     1 ||     2
       Bite              |       |       |     1 ||     1
 Cast: Beastly Appendage |     9 |     1 |     1 ||    11
       Sticks to Snakes  |     3 |     4 |     4 ||    11
       Spider Form       |     1 |    13 |     9 ||    23
  Use: Potion            |     1 |       |     1 ||     2
       Scroll            |       |     4 |     3 ||     7
 Stab: Distracted        |       |       |     1 ||     1
       Sleeping          |       |       |     1 ||     1
  Eat: Ration            |       |       |     1 ||     1
Armor: Robe              |     1 |       |       ||     1
       Skin              |    11 |     5 |     3 ||    19
Dodge: Dodged            |    14 |    48 |    78 ||   140

Table legend:
 A = Spawn XP
 B = Non-spawn XP
 C = Spawn XP percentage of total XP
 D = Spawn monster count
 E = Non-spawn monster count
 F = Spawn count percentage of total count
 G = Total turns spent on level
                    A         B        C        D         E        F      G
               +---------+---------+-------+---------+---------+-------+---------
         Total |       0 |    1170 |   0.0 |       0 |      78 |   0.0 |  1218
               +---------+---------+-------+---------+---------+-------+---------
           D:1 |       0 |       6 |   0.0 |       0 |       4 |   0.0 |   120
           D:2 |       0 |      51 |   0.0 |       0 |      11 |   0.0 |   129
           D:3 |       0 |     308 |   0.0 |       0 |      15 |   0.0 |   245
           D:4 |       0 |     261 |   0.0 |       0 |      16 |   0.0 |   378
           D:5 |       0 |     228 |   0.0 |       0 |      12 |   0.0 |   127
       Ossuary |       0 |     316 |   0.0 |       0 |      20 |   0.0 |   219
               +---------+---------+-------+---------+---------+-------+---------

Table legend:
 A = Turns spent in this place as a percentage of turns spent in the entire game.
 B = Non-inter-level travel turns spent in this place as a percentage of non-inter-level travel turns spent in the entire game.
 C = Inter-level travel turns spent in this place as a percentage of turns spent in this place.
 D = Turns resting spent in this place as a percentage of non-inter-level travel turns spent in this place.
 E = Turns spent auto-exploring this place as a percentage of non-inter-level travel turns spent in this place.
 F = Non-inter-level travel turns spent in this place divided by the number of levels of this place that you've seen.
                   A       B       C       D       E      F
               +-------+-------+-------+-------+-------+----------------------
         Total | 100.0 | 100.0 |   0.0 |   0.0 |   0.0 | 203.0
       Dungeon |  82.0 |  82.0 |   0.0 |   0.0 |   0.0 | 199.8
       Ossuary |  18.0 |  18.0 |   0.0 |   0.0 |   0.0 | 219.0
               +-------+-------+-------+-------+-------+----------------------

Table legend:
 A = Kills in this place as a percentage of kills in entire the game.
 B = Kills by you in this place as a percentage of kills by you in the entire game.
 C = Kills by friends in this place as a percentage of kills by friends in the entire game.
 D = Other kills in this place as a percentage of other kills in the entire game.
 E = Experience gained in this place as a percentage of experience gained in the entire game.
 F = Experience gained in this place divided by the number of levels of this place that you have seen.
                   A       B       C       D       E      F
               +-------+-------+-------+-------+-------+----------------------
         Total | 100.0 | 100.0 | 100.0 |   N/A | 100.0 | 195.0
       Dungeon |  74.4 |  73.3 | 100.0 |   N/A |  73.0 | 170.8
       Ossuary |  25.6 |  26.7 |   0.0 |   N/A |  27.0 | 316.0
               +-------+-------+-------+-------+-------+----------------------

Vault maps used:
D:1:      minmay_arrival_widening_spiral_wide, minmay_quantized
D:2:      chequers_ecumenical_altar_simple
D:3:      lemuel_doored_altar, grunt_dithmenos_smoke, uniq_grinder
D:4:      enter_ossuary_2, serial_shops, shop, columned_hall_lemuel
D:5:      first_ration, grunt_ministairs_6, minivault_14,
          nicolae_underground_beach
Ossuary:  ossuary_zaba_flooded
